 Seeded DCSS version 0.30-a0-368-g86fb4627a9 (webtiles) character file.

Game seed: 4866231847754521613 (custom seed)

20169 purpskrrrp the Imperceptible (level 13, -22/66 HPs)
             Began as a Kobold Hunter on Nov 18, 2022.
             Was an Elder of Dithmenos.
             Annihilated by a vampire knight
             ... wielding a +2 long sword
              (37 damage)
             ... on level 12 of the Dungeon.
             The game lasted 00:21:40 (12016 turns).

purpskrrrp the Imperceptible (Kobold Hunter)       Turns: 12016, Time: 00:21:40

Health: -22/66     AC: 12    Str:  8    XL:     13   Next: 10%
Magic:  11/11      EV: 16    Int: 10    God:    Dithmenos [****..]
Gold:   1083       SH: 14    Dex: 33    Spells: 10/12 levels left

rFire   x . .      SeeInvis +    o - +8 sling "Zirhoamm" {freeze, rCorr Stlth+}
rCold   . . .      Faith    .    t - +5 buckler of Modesty {Harm +Blink rF- Dex+7}
rNeg    . . .      Spirit   .    I - +0 steam dragon scales
rPois   .          Reflect  .    (no helmet)
rElec   .          Harm     +    (no cloak)
rCorr   +          Rampage  .    F - +2 pair of gloves
Will    .....                    (no boots) Stlth *******+++
                                 m - amulet of regeneration
HPRegen 1.11/turn                B - +4 ring of protection
MPRegen 0.12/turn                j - ring of see invisible

@: hasted, wreathed by umbra, very quick
A: small, no large weapons, nightstalker 3, agile 1, low MP 1
a: Renounce Religion, Evoke Blink, Shadow Step


You were on level 12 of the Dungeon.
You worshipped Dithmenos.
Dithmenos was greatly pleased with you.
You visited 2 branches of the dungeon, and saw 13 of its levels.

You collected 1271 gold pieces.
You spent 188 gold pieces at shops.

Inventory:

Hand Weapons
 a - a +0 vorpal shortbow
 l - the +11 shortbow of Success {flame, rElec rPois Int+4 Dex-4}
   (You acquired it on level 1 of the Dungeon)

   Any ammunition fired from it burns those it strikes, dealing additional fire
   damage.
   Int:       It affects your intelligence (+4).
   Dex:       It affects your dexterity (-4).
   rElec:     It insulates you from electricity.
   rPois:     It protects you from poison.
 o - the +8 sling "Zirhoamm" (weapon) {freeze, rCorr Stlth+}
   (You bought it in a shop on level 5 of the Dungeon)

   Any ammunition fired from it freezes those it strikes, dealing additional
   cold damage.
   It can also slow down cold-blooded creatures.
   rCorr:     It protects you from acid and corrosion.
   Stlth:     It makes you more stealthy.
Armour
 c - a +3 leather armour
 t - the +5 buckler of Modesty (worn) {Harm +Blink rF- Dex+7}
   (You acquired it on level 8 of the Dungeon)

   Dex:       It affects your dexterity (+7).
   rF:        It makes you vulnerable to fire.
   +Blink:    It lets you blink.
   Harm:      It increases damage dealt and taken.
 F - a +2 pair of gloves (worn)
 I - +0 steam dragon scales (worn)
Jewellery
 f - a ring of ice
 j - a ring of see invisible (right hand)
 m - an amulet of regeneration (around neck)
 q - a ring of wizardry
 y - a +6 ring of intelligence
 A - a ring of poison resistance
 B - a +4 ring of protection (left hand)
Wands
 e - a wand of flame (47)
 s - a wand of paralysis (14)
 G - a wand of iceblast (2)
 K - a wand of mindburst (3)
Scrolls
 b - 2 scrolls of immolation
 g - 3 scrolls of magic mapping
 h - 6 scrolls of teleportation
 r - a scroll of amnesia
 v - 7 scrolls of poison
 D - 2 scrolls of silence
 M - a scroll of blinking {unknown}
Potions
 d - a potion of mutation
 i - 3 potions of lignification
 k - 5 potions of degeneration
 n - a potion of resistance
 p - 5 potions of attraction
 u - 2 potions of berserk rage
 w - a potion of invisibility
 x - 2 potions of flight
 z - 3 potions of haste
 C - 5 potions of curing
 E - 2 potions of magic
 H - a potion of brilliance {unknown}
 J - a potion of heal wounds
 L - a potion of ambrosia {unknown}


   Skills:
 - Level 2.1 Fighting
 * Level 17.4 Ranged Weapons
 - Level 2.4 Dodging
 + Level 22.6 Stealth
 * Level 7.3 Shields


You had 10 spell levels left.
You knew the following spells:

 Your Spells              Type           Power      Damage    Failure   Level
a - Passwall              Tmut/Erth      0%         N/A       61%         2

Your spell library contained the following spells:

 Spells                   Type           Power      Damage    Failure   Level
 Apportation              Tloc           0%         N/A       45%         1
 Sting                    Tmut/Pois      0%         1d3       45%         1
 Ensorcelled Hibernation  Hex/Ice        0%         N/A       61%         2
 Poisonous Vapours        Pois/Air       0%         N/A       61%         2
 Call Canine Familiar     Summ           0%         N/A       83%         3
 Dazzling Flash           Conj/Hex       0%         N/A       83%         3
 Gell's Gravitas          Tloc           0%         N/A       83%         3
 Lesser Beckoning         Tloc           0%         N/A       83%         3
 Portal Projectile        Hex/Tloc       0%         N/A       83%         3
 Swiftness                Air            0%         N/A       83%         3
 Teleport Other           Tloc           0%         N/A       83%         3
 Animate Armour           Summ/Erth      0%         N/A       99%         4
 Iskenderun's Mystic Bla  Conj/Tloc      0%         2d3       99%         4
 Leda's Liquefaction      Hex/Erth       0%         N/A       99%         4
 Olgreb's Toxic Radiance  Pois           0%         N/A       99%         4
 Alistair's Intoxication  Tmut/Pois      0%         N/A       100%        5
 Blade Hands              Tmut           0%         N/A       100%        5
 Conjure Ball Lightning   Conj/Air       0%         3x3d6     100%        6
 Iron Shot                Conj/Erth      0%         9d1       100%        6
 Starburst                Conj/Fire      0%         6d3       100%        6
 Discord                  Hex            0%         N/A       100%        8
 Disjunction              Tloc           0%         N/A       100%        8


Dungeon Overview and Level Annotations

Branches:
Dungeon (12/15)            Temple (1/1) D:7            Lair (0/5) D:9
    Orc (0/2) D:10

Altars:
Cheibriados
Dithmenos
Elyvilon
Fedhas
Gozag
Hepliaklqana
Kikubaaqudgha
Okawaru
Qazlal
Ru
Sif Muna
Trog
Uskayaw
Xom
Yredelemnul
The Shining One

Shops:
D:5 (

Annotations:
D:5 3 runed translucent doors
D:9 exclusion: obsidian statue
D:11 exclusion: obsidian statue
Temple 4 transporters


Innate Abilities, Weirdness & Mutations

You are small and have problems with some larger weapons.
You are completely attuned to the shadows.
You are agile. (Dex +4, Str/Int -1)
Your magical capacity is low. (-10% MP)


Message History

You block the vampire knight's attack. x2
You shoot a sling bullet.
The sling bullet hits the vampire knight but does no damage.
The vampire knight is moderately damaged.
Your shadow shoots a sling bullet.
The sling bullet hits the vampire knight but does no damage.
You block the vampire knight's attack. x2
You shoot a sling bullet.
The sling bullet hits the vampire knight!
The sling bullet freezes the vampire knight.
The vampire knight is heavily damaged.
You shoot a sling bullet.
The sling bullet hits the vampire knight!
The sling bullet freezes the vampire knight.
The vampire knight is severely damaged.
The vampire knight points at you and mumbles some strange words.
You suddenly lose the ability to move!
The vampire knight hits you with a +2 long sword!!
Ouch! That really hurt!
You emit a cloud of dark smoke.
The vampire knight bites you but does no damage.
The vampire knight draws life force from you!
* * * LOW HITPOINT WARNING * * *
The vampire knight is healed by the life force!
The vampire knight hits you but does no damage.
The vampire knight bites you but does no damage.
You can move again.
You are too injured to fight recklessly!
You are too injured to fight recklessly!
Fire: o) +8 sling "Zirhoamm" {freeze, rCorr Stlth+}
Press: ? - help, Q - select action, (/) - cycle Shift-Dir - straight line, f/p - vampire knight
Aim: a vampire knight, wielding a +2 long sword and wearing a +1 plate armour of fire resistance (black smoke, heavily damaged, fast, umbra, 83% to hit)
You shoot a sling bullet.
The sling bullet hits the vampire knight!
The vampire knight is severely damaged.
Your shadow shoots a sling bullet.
The sling bullet hits the vampire knight but does no damage.
The vampire knight hits you with a +2 long sword!!
Ouch! That really hurt!
You die...

############## #..).........###
###.##########..)##
###.†.'..#..#§§#.#..#
###...#.#..'..†§@#....##
....###.#######V##.##..##########
....# #.# #..#.###...........
....###.# #..#.# ####........
....##..# #+##.######........
........# #...............
....##..# #...............
....###.##########...............
......#....................######


You could see a vampire knight (fast).

Vanquished Creatures
  A hydra (D:12)
  2 two-headed ogres
  A boulder beetle (D:12)
  Sonja (D:11)
  Lodul (D:11)
  A deep elf pyromancer (D:8)
  A manticore (D:12)
  A cyclops (D:12)
  An elephant (D:10)
  Maurice (D:10)
  An unseen horror (D:10)
  A yaktaur (D:11)
  A kobold demonologist (D:11)
  11 trolls
  A slime creature (D:8)
  Grinder (D:4)
  2 shadows (D:9)
  12 yaks
  2 wraiths
  A vampire (D:10)
  3 wyverns
  3 vampire mosquitoes (D:12)
  2 steam dragons
  Duvessa (D:4)
  2 water moccasins
  2 sky beasts (D:7)
  An ice beast (D:5)
  3 orc warriors
  9 ogres (D:11)
  16 centaurs
  4 phantoms
  4 bullfrogs
  5 necrophages
  A gnoll sergeant (D:8)
  13 wights
  Dowan (D:4)
  48 killer bees
  4 howler monkeys
  A jelly (D:4)
  3 orc priests
  3 hounds
  A gnoll bouda (D:9)
  11 orc wizards
  3 iguanas
  Natasha (thrice) (D:4)
  12 gnolls
  8 adders
  3 white imps
  2 ufetubi
  7 dart slugs
  37 orcs
  10 bats
  8 endoplasms
  3 giant cockroaches
  7 goblins
  8 hobgoblins
  4 jackals (D:1)
  4 quokkas
  5 ball pythons
  A frilled lizard (D:1)
  8 kobolds
  7 rats
325 creatures vanquished.

Vanquished Creatures (others)
  12 plants (D:8)
12 creatures vanquished.

Grand Total: 337 creatures vanquished

Notes
Turn   | Place    | Note
-------+----------+-------------------------------------------
     0 | D:1      | purpskrrrp the Kobold Hunter began the quest for the Orb.
     0 | D:1      | Reached XP level 1. HP: 12/12 MP: 1/1
    54 | D:1      | Reached skill level 2 in Stealth
    54 | D:1      | Reached XP level 2. HP: 17/17 MP: 2/2
   152 | D:1      | Reached XP level 3. HP: 17/21 MP: 3/3
   206 | D:1      | Reached skill level 3 in Stealth
   764 | D:1      | Identified a scroll of acquirement
   764 | D:1      | Acquired the +11 shortbow of Success {flame, rElec rPois
                  | Int+4 Dex-4}
   800 | D:2      | Reached XP level 4. HP: 26/26 MP: 4/4
  1656 | D:2      | Reached skill level 4 in Stealth
  1670 | D:2      | Gained mutation: You are partially covered in iridescent
                  | scales. (AC +2) [potion of mutation]
  1670 | D:2      | Gained mutation: Your body sometimes deteriorates upon
                  | taking damage. [potion of mutation]
  1671 | D:2      | Lost mutation: You are partially covered in iridescent
                  | scales. (AC +2) [potion of mutation]
  1671 | D:2      | Lost mutation: Your body sometimes deteriorates upon taking
                  | damage. [potion of mutation]
  1671 | D:2      | Gained mutation: Your magical capacity is low. (-10% MP)
                  | [potion of mutation]
  1671 | D:2      | Gained mutation: You are agile. (Dex +4, Str/Int -1)
                  | [potion of mutation]
  1795 | D:3      | Found a faded altar of an unknown god.
  2121 | D:3      | Reached XP level 5. HP: 30/30 MP: 4/4
  2158 | D:3      | Reached skill level 5 in Stealth
  2293 | D:3      | Found a hazy altar of Hepliaklqana.
  2551 | D:3      | Acquired a manual of Stealth
  2556 | D:4      | Noticed Natasha
  2561 | D:4      | Killed Natasha
  2562 | D:4      | Reached skill level 6 in Stealth
  2562 | D:4      | Reached XP level 6. HP: 29/35 MP: 5/5
  2592 | D:4      | You fall into a shaft and drop 1 floor!
  2592 | D:5      | Entered Level 5 of the Dungeon
  2592 | D:5      | Found a snail-covered altar of Cheibriados.
  2594 | D:5      | Found an opulent altar of Gozag.
  2641 | D:5      | Found an iron altar of Okawaru.
  2658 | D:5      | Reached skill level 7 in Stealth
  2677 | D:5      | Reached skill level 8 in Stealth
  2677 | D:5      | Reached XP level 7. HP: 21/40 MP: 6/6
  2796 | D:5      | Reached skill level 9 in Stealth
  2829 | D:5      | Reached skill level 10 in Stealth
  2906 | D:5      | Found Ivag's Antique Weapon Emporium.
  3015 | D:5      | Found a runed translucent gate.
  3016 | D:5      | Found a runed translucent gate.
  3017 | D:5      | Found a runed translucent gate.
  3120 | D:5      | Reached skill level 11 in Stealth
  3425 | D:4      | Noticed Natasha
  3428 | D:4      | Killed Natasha
  3428 | D:4      | Noticed Grinder
  3429 | D:4      | Reached XP level 8. HP: 44/44 MP: 7/7
  3434 | D:4      | Killed Grinder
  3435 | D:4      | Reached skill level 12 in Stealth
  3528 | D:4      | Noticed Duvessa
  3530 | D:4      | Noticed Dowan
  3538 | D:4      | Killed Duvessa
  3539 | D:4      | Reached skill level 13 in Stealth
  3540 | D:4      | Killed Dowan
  3645 | D:4      | Noticed Natasha
  3646 | D:4      | Killed Natasha
  3677 | D:4      | Found a sacrificial altar of Ru.
  3677 | D:4      | Found an ancient bone altar of Kikubaaqudgha.
  3799 | D:4      | Reached skill level 14 in Stealth
  4472 | D:6      | Identified the +1 chain mail of the Shore {rPois Str+3
                  | Int+3 Dex-5}
  4599 | D:6      | Reached skill level 15 in Stealth
  4702 | D:6      | Reached skill level 10 in Ranged Weapons
  4702 | D:6      | Reached XP level 9. HP: 48/48 MP: 8/8
  4779 | D:6      | Reached skill level 16 in Stealth
  4785 | D:6      | Found a shimmering blue altar of Sif Muna.
  4791 | D:6      | Found a basalt altar of Yredelemnul.
  4931 | D:6      | Reached skill level 17 in Stealth
  5898 | D:7      | Reached skill level 18 in Stealth
  5908 | D:7      | Found a staircase to the Ecumenical Temple.
  6045 | Temple   | Entered the Ecumenical Temple
  6048 | Temple   | Found a transporter.
  6048 | Temple   | Found a transporter.
  6050 | Temple   | Found a transporter.
  6050 | Temple   | Found a transporter.
  6063 | Temple   | Became a worshipper of Dithmenos the Shadowed
  6470 | D:7      | Reached skill level 19 in Stealth
  6532 | D:7      | Reached XP level 10. HP: 53/53 MP: 9/9
  6681 | D:7      | Found a white marble altar of Elyvilon.
  7011 | D:8      | Reached skill level 20 in Stealth
  7149 | D:8      | Reached * piety under Dithmenos
  7303 | D:8      | Noticed a two-headed ogre
  7625 | D:8      | Noticed a deep elf pyromancer
  7627 | D:8      | Killed a deep elf pyromancer
  7628 | D:8      | Reached skill level 21 in Stealth
  7786 | D:8      | Killed a two-headed ogre
  7787 | D:8      | Reached XP level 11. HP: 52/57 MP: 9/9
  7963 | D:8      | Acquired the +5 buckler of Modesty {Harm +Blink rF- Dex+7}
  8099 | D:5      | Bought a brightly glowing sling for 188 gold pieces
  8099 | D:5      | Identified the +8 sling "Zirhoamm" {freeze, rCorr Stlth+}
                  | (You bought it in a shop on level 5 of the Dungeon)
  8306 | D:9      | Found a glowing golden altar of the Shining One.
  8375 | D:9      | Reached ** piety under Dithmenos
  8376 | D:9      | Reached skill level 1 in Shields
  8418 | D:9      | Found a staircase to the Lair.
  8657 | D:9      | Noticed a two-headed ogre
  8662 | D:9      | Killed a two-headed ogre
  8871 | D:9      | Noticed an obsidian statue
  9061 | D:10     | Entered Level 10 of the Dungeon
  9157 | D:10     | Found a staircase to the Orcish Mines.
  9175 | D:10     | Found a stormy altar of Qazlal.
  9545 | D:10     | Reached skill level 15 in Ranged Weapons
  9715 | D:10     | Reached *** piety under Dithmenos
  9953 | D:10     | Noticed Maurice
  9959 | D:10     | Killed Maurice
 10389 | D:10     | Noticed an elephant
 10506 | D:10     | Learned a level 2 spell: Passwall
 10512 | D:10     | Reached XP level 12. HP: 55/62 MP: 7/10
 10525 | D:10     | Reached skill level 5 in Shields
 10540 | D:10     | Reached skill level 22 in Stealth
 10735 | D:11     | Noticed Sonja
 10748 | D:11     | Killed Sonja
 10784 | D:11     | Found a shimmering blue altar of Sif Muna.
 11025 | D:11     | Reached **** piety under Dithmenos
 11026 | D:11     | Noticed Lodul
 11036 | D:11     | Killed Lodul
 11660 | D:12     | Reached XP level 13. HP: 24/66 MP: 11/11
 11816 | D:12     | Found a runed translucent door.
 11816 | D:12     | Noticed a four-headed hydra
 11822 | D:12     | Killed a four-headed hydra
 11989 | D:12     | Noticed a vampire knight
 12013 | D:12     | Paralysed by a vampire knight for 2 turns
 12016 | D:12     | Annihilated by a vampire knight

Illustrated notes

Levels and vault maps discovered:
D:1:      dpeg_arrival_arbitrary_c, layout_basic
D:2:      layout_loops_ring, kennysheep_minor_cross
D:3:      minmay_chambers_of_twos, layout_loops_ring, overflow_temple_1_default,
          ebering_ecumenical_altar_petrified
D:4:      layout_loops_cross, gammafunk_temple_overflow_elements, dk_vineyard_3,
          uniq_grinder, uniq_natasha, uniq_duvessa
D:5:      layout_rooms, cheibriados_altar_1, mainiacjoe_overflow_chevrons,
          okawaru_metal_pillars_3, serial_shops, shop_statue,
          ebering_ghost_rock_garden
D:6:      layout_loops_corners, amethyst_overflow_temple_binary,
          kennysheep_windowed_goal
D:7:      layout_basic, old_standard_altar, minmay_temple_entry_mini_moons
D:8:      layout_rooms, glass_columns_a, minmay_shattered_shrine
D:9:      layout_long_grid, tso_altar, dpeg_oklobed_lair, serial_bayou_pond_e,
          minivault_16
D:10:     wad_woods_minihive, layout_loops_corners,
          nicolae_qazlal_eye_of_the_storm, uniq_maurice
D:11:     layout_rooms, minivault_16, nicolae_sif_muna_little_library,
          uniq_sonja, uniq_lodul
D:12:     layout_rooms, minivault_13
Temple:   hellmonk_temple_divided_pantheon

Skill      XL: |  1  2  3  4  5  6  7  8  9 10 11 12 |
---------------+-------------------------------------+-----
Stealth        | 2 3 4 6 8 11 15 19 21 22 | 22.6
Ranged Weapons | 6 7 8 10 11 13 15 17 | 17.4
Shields        | 4 7 |  7.3
Fighting       | |  2.1
Dodging        | |  2.4

Action                   |  1- 3 |  4- 6 |  7- 9 | 10-12 | 13-15 || total
-------------------------+-------+-------+-------+-------+-------++-------
 Fire: Shortbow          |    54 |    65 |   150 |   129 |       ||   398
       Sling             |       |       |       |   403 |    33 ||   436
 Cast: Passwall          |       |       |       |     2 |       ||     2
  Use: Scroll            |     3 |    12 |     6 |     8 |       ||    29
       Potion            |       |     2 |     1 |     2 |     1 ||     6
Armor: Leather armour    |     9 |       |    14 |    47 |       ||    70
       Steam dragon scal |       |       |       |    47 |     5 ||    52
Dodge: Dodged            |    23 |     6 |    31 |   270 |     3 ||   333
Block: Buckler           |       |       |       |   197 |    10 ||   207

Table legend: (Time is in decaauts)
 A = Elapsed time spent in this place.
 B = Non-inter-level travel time spent in this place.
 C = Inter-level travel time spent in this place.
 D = Time resting spent in this place.
 E = Time spent auto-exploring this place.
 F = Levels seen in this place.
 G = Mean time per level.
                   A        B        C        D        E       F      G
               +--------+--------+--------+--------+--------+-----+--------+
         Total |  11956 |  10899 |   1057 |    706 |   8784 |  13 |  919.7 |
       Dungeon |  11917 |  10860 |   1057 |    706 |   8774 |  12 |  993.1 |
        Temple |     38 |     38 |      0 |      0 |     10 |   1 |   38.0 |
               +--------+--------+--------+--------+--------+-----+--------+

Top non-repeatable levels by time:
    D:10: 1586 daAuts
     D:6: 1552 daAuts
     D:7: 1255 daAuts
     D:8: 1061 daAuts
     D:5: 941 daAuts
     D:2: 939 daAuts
     D:4: 858 daAuts
     D:9: 833 daAuts
     D:3: 831 daAuts
     D:1: 803 daAuts
    D:12: 643 daAuts
    D:11: 610 daAuts
  Temple: 38 daAuts
